 Dungeon Crawl Stone Soup version 0.21.1-1-g345015f (webtiles) character file.

253 Kairos the Shield-Bearer (level 6, 0/48 HPs)
             Began as a Human Fighter on Apr 2, 2018.
             Slain by an orc wizard
             ... wielding a +0 dagger
              (1 damage)
             ... on level 3 of the Dungeon.
             The game lasted 00:01:49 (1631 turns).

Kairos the Shield-Bearer (Human Fighter)            Turns: 1631, Time: 00:01:50

Health: 0/48       AC:  7    Str: 17    XL:     6   Next: 37%
Magic:  6/6        EV:  7    Int:  8    God:
Gold:   59         SH:  9    Dex: 14    Spells: 5/5 levels left

rFire    . . .     SeeInvis .   a - +0 war axe
rCold    . . .     Gourm    .   c - +0 shield
rNeg     . . .     Faith    .   b - +0 scale mail
rPois    .         Spirit   .   (no helmet)
rElec    .         Reflect  .   (no cloak)
rCorr    .         Harm     .   (no gloves)
MR       .....                  (no boots)
Stlth    +.........             (no amulet)
HPRegen  0.16/turn              i - ring of stealth
MPRegen  0.10/turn              (no ring)

@: no status effects
A: no striking features
a: no special abilities


You were on level 3 of the Dungeon.
You were hungry.

You visited 1 branch of the dungeon, and saw 3 of its levels.

You collected 59 gold pieces.

Inventory:

Hand Weapons
 a - a +0 war axe (weapon)
Armour
 b - a +0 scale mail (worn)
 c - a +0 shield (worn)
Jewellery
 i - a ring of stealth (left hand)
Scrolls
 e - a scroll of random uselessness {unknown}
 g - a scroll of remove curse {unknown}
 h - a scroll of immolation {unknown}
 l - a scroll of amnesia {unknown}
Potions
 d - a potion of might
 j - a potion of magic {unknown}
 k - 2 potions of haste {unknown}
 m - 2 potions of resistance {unknown}
Comestibles
 f - 7 rations


   Skills:
 + Level 3.6 Fighting
 + Level 3.9 Axes
 + Level 4.0 Armour
 + Level 1.0 Dodging
 + Level 0.1 Stealth
 + Level 4.2 Shields


You had 5 spell levels left.
You didn't know any spells.

Dungeon Overview and Level Annotations

Branches:
Dungeon (3/15)

Altars:
Xom


Message History

The puff of frost hits you!
* * * LOW HITPOINT WARNING * * *
You block the orc's attack. You block the worm's attack.
The orc wizard casts a cantrip, but nothing happens.
You barely miss the orc wizard.
The orc wizard is lightly wounded.
You hit the orc but do no damage. You barely miss the worm.
The orc wizard barely misses you. You block the orc's attack.
The orc wizard hits you but does no damage.
The worm barely misses you. You block the orc's attack.
Unknown command.
You slash the orc wizard!
The orc wizard is almost dead.
You hit the worm. You hit the orc.
The orc wizard hits you but does no damage.
You block the orc wizard's attack. You block the worm's attack.
The orc hits you with a dagger.
* * * LOW HITPOINT WARNING * * *
The orc wizard hits you with a dagger.
You die...

#######...#
#.....#.#.#
#...###.._..#### #
###.#....# #..#.##.#
######.##.##.#
#......##..#.###
#.....(........##
#.....<..#.#.@.w#
#........(...o[o......
#.......##....#.#.....
#.......#####..## ###.
#.......# #.#
#######.. ..# .. ..#
.## ####


You could see a worm, an orc wizard and an orc.

Vanquished Creatures
  Sigmund (D:2)
  An orc wizard (D:3)
  An adder (D:2)
  An ooze (D:1)
  A worm (D:2)
  3 dart slugs (D:1)
  2 orcs (D:3)
  6 bats
  2 giant cockroaches
  6 goblins
  6 hobgoblins
  12 jackals
  4 kobolds
  A rat (D:2)
47 creatures vanquished.

Notes
Turn   | Place    | Note
-------+----------+-------------------------------------------
     0 | D:1      | Kairos the Human Fighter began the quest for the Orb.
     0 | D:1      | Reached XP level 1. HP: 18/18 MP: 1/1
    86 | D:1      | Reached XP level 2. HP: 22/24 MP: 2/2
   163 | D:1      | Reached XP level 3. HP: 27/29 MP: 3/3
   736 | D:2      | Reached XP level 4. HP: 28/35 MP: 4/4
  1182 | D:2      | Noticed Sigmund
  1195 | D:2      | Killed Sigmund
  1195 | D:2      | Reached XP level 5. HP: 34/41 MP: 5/5
  1195 | D:2      | Reached XP level 6. HP: 39/47 MP: 6/6
  1598 | D:3      | Found a shimmering altar of Xom.
  1628 | D:3      | Reached skill level 1 in Dodging
  1630 | D:3      | HP: 1/48 [orc/dagger (4)]
  1631 | D:3      | Slain by an orc wizard

Skill      XL: |  1  2  3  4  5  6 |
---------------+-------------------+-----
Axes           | 3 |  3.9
Armour         | 4 |  4.0
Shields        | 4 |  4.2
Dodging        | 1 |  1.0
Fighting       | |  3.6
Stealth        | |  0.1

Action                   |  1- 3 |  4- 6 || total
-------------------------+-------+-------++-------
Melee: War axe           |    86 |    80 ||   166
  Eat: Chunk             |       |     2 ||     2
Armor: Scale mail        |    57 |    35 ||    92
Dodge: Dodged            |    35 |    43 ||    78
Block: Shield            |    61 |    57 ||   118
